 Dungeon Crawl Stone Soup version 0.22-a0-305-gd21a89c (webtiles) character file.

156 Amnesiac the Conjurer (level 5, -9/35 HPs)
             Began as a Mummy Conjurer on Mar 31, 2018.
             Killed from afar by Nuz's ghost (11 damage)
             ... with a spray of energy
             ... on level 3 of the Dungeon.
             The game lasted 00:04:40 (2375 turns).

Amnesiac the Conjurer (Mummy Conjurer)              Turns: 2375, Time: 00:04:40

Health: -9/35      AC:  4    Str: 11    XL:     5   Next: 15%
Magic:  0/12       EV: 12    Int: 15    God:
Gold:   80         SH:  0    Dex: 13    Spells: 6/13 levels left

rFire    x . .     SeeInvis .   (no weapon)
rCold    + . .     Gourm    .   (no shield)
rNeg     + + +     Faith    .   a - +0 robe
rPois    ∞         Spirit   .   k - +0 helmet
rElec    .         Reflect  .   d - +0 cloak
rCorr    .         Harm     .   (no gloves)
MR       +....                  (no boots)
Stlth    ++........             (no amulet)
HPRegen  0.11/turn              h - ring of protection from magic
MPRegen  0.13/turn              (no ring)

@: no status effects
A: no food or potions, fire vulnerability, cold resistance 1, negative energy
resistance 3, torment resistance, unbreathing
a: no special abilities


You were on level 3 of the Dungeon.
You were not hungry.

You visited 1 branch of the dungeon, and saw 3 of its levels.

You collected 80 gold pieces.

Inventory:

Armour
 a - a +0 robe (worn)
 d - a +0 cloak (worn)
 k - a +0 helmet (worn)
Jewellery
 h - a ring of protection from magic (left hand)
Wands
 b - a wand of digging (14)
Scrolls
 f - 2 scrolls of fear {!r}
 i - a scroll of remove curse {!r}
 j - a scroll of enchant weapon {!r}


   Skills:
 - Level 1.5 Dodging
 - Level 1.5 Stealth
 + Level 4.6 Spellcasting
 * Level 4.6 Conjurations


You had 6 spell levels left.
You knew the following spells:

 Your Spells              Type           Power        Failure   Level  Hunger
a - Magic Dart            Conj           ###.         2%          1    N/A
b - Iskenderun's Mystic   Conj           ###.....     24%         4    N/A
d - Searing Ray           Conj           ###...       3%          2    N/A

Dungeon Overview and Level Annotations

Branches:
Dungeon (3/15)

Altars:
Cheibriados
Fedhas
Gozag
Xom

Shops:
D:3 *

Annotations:
D:3 Nuz's ghost, amateur DrCj


Innate Abilities, Weirdness & Mutations

You do not eat or drink.
Your flesh is vulnerable to fire.
You are immune to poison.
Your flesh is cold resistant. (rC+)
You are immune to negative energy. (rN+++)
You are immune to unholy pain and torment.
You can survive without breathing.


Message History

Aiming: Searing Ray (safe; 3% risk of failure)
Press: ? - help, Shift-Dir - straight line, f - Nuz's ghost
Aim: Nuz's ghost The searing ray misses Nuz's ghost. (Press . to maintain the ray.)
The searing ray hits Nuz's ghost.
Nuz's ghost is lightly damaged.
The searing ray hits Nuz's ghost.
Nuz's ghost is moderately damaged.
Nuz's ghost gestures at you while chanting.
The magic dart hits you!
The searing ray hits Nuz's ghost.
Nuz's ghost is heavily damaged.
You finish channeling your searing ray.
Casting: Searing Ray (safe; 3% risk of failure)
Confirm with . or Enter, or press ? or * to list all spells.
Aiming: Searing Ray (safe; 3% risk of failure)
Press: ? - help, Shift-Dir - straight line, f/p - Nuz's ghost
Aim: Nuz's ghost (heavily damaged)
The searing ray hits Nuz's ghost.
Nuz's ghost is heavily damaged. (Press . to maintain the ray.) Nuz's ghost points at you and mumbles some strange words.
The magic dart hits you!
* * * LOW HITPOINT WARNING * * *
The searing ray misses Nuz's ghost.
Nuz's ghost hits you.
* * * LOW HITPOINT WARNING * * *
The searing ray hits Nuz's ghost.
Nuz's ghost is severely damaged.
Nuz's ghost closely misses you.
The searing ray hits Nuz's ghost.
Nuz's ghost is almost destroyed.
You finish channeling your searing ray.
Nuz's ghost casts a spell at you. The spray of energy hits you!
* * * LOW HITPOINT WARNING * * *
Casting: Searing Ray (safe; 3% risk of failure)
Confirm with . or Enter, or press ? or * to list all spells.
Aiming: Searing Ray (safe; 3% risk of failure)
Press: ? - help, Shift-Dir - straight line, f/p - Nuz's ghost
Aim: Nuz's ghost (almost destroyed)
The searing ray misses Nuz's ghost. (Press . to maintain the ray.) Nuz's ghost hits you but does no damage.
The searing ray hits Nuz's ghost.
Nuz's ghost is almost destroyed.
Nuz's ghost barely misses you.
Casting: Searing Ray (safe; 3% risk of failure)
Confirm with . or Enter, or press ? or * to list all spells.
You don't have enough magic to cast that spell.
You closely miss Nuz's ghost.
Nuz's ghost is almost destroyed.
Nuz's ghost casts a spell at you. The spray of energy misses you.
Wield which item (- for none, * to show all)? (? for menu, Esc to quit)
Okay, then.
You closely miss Nuz's ghost.
Nuz's ghost is almost destroyed.
Nuz's ghost hits you but does no damage.
You miss Nuz's ghost.
Nuz's ghost is almost destroyed.
Nuz's ghost gestures at you while chanting.
The spray of energy hits you!
You die...

.....##.#.#
#.##......#####
#..<...%......#
#######.####..#
#.###.#.## #
.<...###.# .#
#..###.#.####.# ..#
#.............#####
#.#
#.#####....@W......
#.# ##.#####...#.
#. #.# #.# .....
#.# #.# #.# .. ##
#.# #.# #.# #W #.#
#.### #.# #. #.#
#<#.. #.. #. #.#
#.#.#
##.#####.######
#.#g#
#.#......._......


You could see Nuz's ghost.

Vanquished Creatures
  Jessica (D:2)
  Robin (D:1)
  5 gnolls
  3 adders
  A dart slug (D:2)
  A ball python (D:1)
  5 bats
  2 giant cockroaches
  7 goblins
  5 hobgoblins (D:2)
  2 jackals (D:2)
  4 frilled lizards
  4 kobolds (D:1)
  3 rats
44 creatures vanquished.

Notes
Turn   | Place    | Note
-------+----------+-------------------------------------------
     0 | D:1      | Amnesiac the Mummy Conjurer began the quest for the Orb.
     0 | D:1      | Reached XP level 1. HP: 13/13 MP: 4/4
   142 | D:1      | Found a snail-covered altar of Cheibriados.
   418 | D:1      | Reached XP level 2. HP: 19/19 MP: 3/6
   784 | D:2      | Learned a level 2 spell: Searing Ray
   888 | D:2      | Reached XP level 3. HP: 24/24 MP: 4/8
  1247 | D:2      | Noticed Jessica
  1251 | D:2      | Killed Jessica
  1251 | D:2      | Reached XP level 4. HP: 30/30 MP: 5/10
  1257 | D:2      | Learned a level 4 spell: Iskenderun's Mystic Blast
  1619 | D:2      | Noticed Robin
  1670 | D:1      | Killed Robin
  1849 | D:2      | Found a bloodstained altar of Trog.
  1851 | D:2      | Found a shimmering altar of Xom.
  1851 | D:2      | Found an ancient bone altar of Kikubaaqudgha.
  1853 | D:2      | Found a shimmering altar of Xom.
  1853 | D:2      | Found a shattered altar of Ashenzari.
  1853 | D:2      | Found a bloodstained altar of Trog.
  1918 | D:3      | Found a blossoming altar of Fedhas.
  1925 | D:3      | Noticed Nuz's ghost (amateur DrCj)
  2036 | D:3      | Found an opulent altar of Gozag.
  2043 | D:3      | Found Gozag's Platinum Reserve.
  2193 | D:3      | Reached XP level 5. HP: 34/35 MP: 3/11
  2375 | D:3      | Killed from afar by Nuz's ghost

Vault maps used:
D:1:      minmay_arrival_radiant_lines, cheibriados_altar_1
D:2:      interstate_on_off, doesnt_xom_only_xom, uniq_robin, uniq_jessica
D:3:      overflow_temple_1_default, first_ration,
          nicolae_gozag_zags_fifth_avenue

Skill      XL: |  1  2  3 |
---------------+----------+-----
Spellcasting   | 3 4 |  4.6
Conjurations   | 4 |  4.6
Dodging        | |  1.5
Stealth        | |  1.5

Action                   |  1- 3 |  4- 6 || total
-------------------------+-------+-------++-------
Melee: Unarmed           |    29 |     4 ||    33
 Cast: Magic Dart        |    54 |    59 ||   113
       Searing Ray       |     2 |     6 ||     8
  Use: Scroll            |       |     6 ||     6
Armor: Robe              |     6 |     5 ||    11
Dodge: Dodged            |    31 |    15 ||    46

Table legend:
 A = Spawn XP
 B = Non-spawn XP
 C = Spawn XP percentage of total XP
 D = Spawn monster count
 E = Non-spawn monster count
 F = Spawn count percentage of total count
 G = Total turns spent on level
                    A         B        C        D         E        F      G
               +---------+---------+-------+---------+---------+-------+---------
         Total |       0 |     224 |   0.0 |       0 |      44 |   0.0 |  2375
               +---------+---------+-------+---------+---------+-------+---------
           D:1 |       0 |      32 |   0.0 |       0 |      13 |   0.0 |   797
           D:2 |       0 |     145 |   0.0 |       0 |      25 |   0.0 |  1118
           D:3 |       0 |      47 |   0.0 |       0 |       6 |   0.0 |   460
               +---------+---------+-------+---------+---------+-------+---------
